 Dungeon Crawl Stone Soup version 0.21-a0-227-g58a7c62 (webtiles) character file.

182 Deeps the Shield-Bearer (level 5, 0/33 HPs)
             Began as a Gargoyle Fighter on Aug 31, 2017.
             Slain by a goblin (2 damage)
             ... led by Robin
             ... on level 2 of the Dungeon.
             The game lasted 00:01:03 (675 turns).

Deeps the Shield-Bearer (Gargoyle Fighter)           Turns: 675, Time: 00:01:03

Health: 0/33       AC: 11    Str: 26    XL:     5   Next: 62%
Magic:  5/5        EV:  8    Int:  8    God:
Gold:   54         SH: 10    Dex:  9    Spells: 4/4 levels left

rFire    . . .     SeeInvis .   a - +0 war axe
rCold    . . .     Gourm    .   c - +0 shield
rNeg     + . .     Faith    .   b - +0 scale mail
rPois    ∞         Spirit   .   (no helmet)
rElec    +         Reflect  .   (no cloak)
rCorr    .         Harm     .   (no gloves)
MR       .....                  (no boots)
Stlth    ..........             (no amulet)
HPRegen  0.11/turn              (no ring)
MPRegen  0.09/turn              (no ring)

@: mighty
A: negative energy resistance 1, electricity resistance, unbreathing,
petrification resistance, rot immunity, AC +4
a: no special abilities


You were on level 2 of the Dungeon.
You were not hungry.

You visited 1 branch of the dungeon, and saw 2 of its levels.

You collected 54 gold pieces.

Inventory:

Hand Weapons
 a - a +0 war axe (weapon)
Armour
 b - a +0 scale mail (worn)
 c - a +0 shield (worn)
Scrolls
 e - 2 scrolls of recharging {unknown}
 h - 2 scrolls of immolation {unknown}
 i - a scroll of enchant armour {unknown}
 j - a scroll of identify {unknown}
 l - a scroll of remove curse {unknown}
 m - a scroll of teleportation {unknown}
Potions
 k - a potion of ambrosia {unknown}
 n - a potion of lignification {unknown}
 o - a potion of cancellation {unknown}
Comestibles
 f - a bread ration
 g - a royal jelly


   Skills:
 + Level 4.2 Fighting
 + Level 3.2 Axes
 + Level 4.0 Armour
 + Level 0.7 Dodging
 + Level 4.2 Shields


You had 4 spell levels left.
You didn't know any spells.

Dungeon Overview and Level Annotations

Branches:
Dungeon (2/15)

Altars:

Annotations:
D:2 Robin


Innate Abilities, Weirdness & Mutations

You are resistant to torment.
Your stone body is resilient. (AC +4)
You are immune to poison.
You resist negative energy. (rN+)
You are resistant to electric shocks. (rElec)
You can survive without breathing.
You are immune to petrification.
You are immune to rotting.


Message History

You miss something. You closely miss the hobgoblin. Something hits you.
* * * LOW HITPOINT WARNING * * *
You block the hobgoblin's attack.
Unknown command.
Okay, then.
Okay, then.
You slash something!
Reactivating autopickup.
Your Fighting skill increases to level 4!
Your Axes skill increases to level 3!
Your Armour skill increases to level 4!
Your Shields skill increases to level 4!
You have reached level 4!
You feel stronger.
You have reached level 5!
You feel a bit more experienced.
Your shield prevents you from hitting the goblin.
You slash the hobgoblin!
You kill the hobgoblin!
You block the goblin's attack. The goblin hits you.
You die...

. ..
...
###g..
##.gb.
##gg#
#<@#
#..##
#.##
#..
#.# #.
#. #.


You could see Robin, 3 goblins and a bat.

Vanquished Creatures
  Sigmund (D:2)
  3 bats
  2 giant cockroaches (D:1)
  3 goblins
  8 hobgoblins
  2 kobolds (D:1)
  3 rats (D:1)
22 creatures vanquished.

Notes
Turn   | Place    | Note
-------+----------+-------------------------------------------
     0 | D:1      | Deeps the Gargoyle Fighter began the quest for the Orb.
     0 | D:1      | Reached XP level 1. HP: 14/14 MP: 1/1
    60 | D:1      | Reached XP level 2. HP: 15/19 MP: 2/2
   655 | D:2      | Noticed Sigmund
   670 | D:2      | Noticed Robin
   670 | D:2      | Reached XP level 3. HP: 11/24 MP: 3/3
   675 | D:2      | Killed Sigmund
   675 | D:2      | Reached XP level 4. HP: 2/29 MP: 4/4
   675 | D:2      | Reached XP level 5. HP: 2/33 MP: 5/5
   675 | D:2      | Slain by a goblin

Vault maps used:
D:1:      minmay_arrival_jagged
D:2:      uniq_robin, uniq_sigmund

Skill      XL: |  1  2  3 |
---------------+----------+-----
Axes           | 2 3 |  3.2
Fighting       | 4 |  4.2
Armour         | 4 |  4.0
Shields        | 4 |  4.2
Dodging        | |  0.7

Action                   |  1- 3 |  4- 6 || total
-------------------------+-------+-------++-------
Melee: War axe           |    58 |       ||    58
  Use: Potion            |     1 |       ||     1
Armor: Scale mail        |    35 |       ||    35
Dodge: Dodged            |    12 |       ||    12
Block: Shield            |    32 |     1 ||    33

Table legend:
 A = Spawn XP
 B = Non-spawn XP
 C = Spawn XP percentage of total XP
 D = Spawn monster count
 E = Non-spawn monster count
 F = Spawn count percentage of total count
 G = Total turns spent on level
                    A         B        C        D         E        F      G
               +---------+---------+-------+---------+---------+-------+---------
         Total |       3 |     258 |   1.1 |       2 |      20 |   9.1 |   675
               +---------+---------+-------+---------+---------+-------+---------
           D:1 |       3 |      22 |  12.0 |       2 |      12 |  14.3 |   655
           D:2 |       0 |     236 |   0.0 |       0 |       8 |   0.0 |    20
               +---------+---------+-------+---------+---------+-------+---------
